[ AOE2 MATCH · #458647736 ]
Team RMJapanese vs Malay
[ REPLAY ANALYSIS · EXTRACTED FROM THE RECORDED GAME ]
Feudal
—
Castle
—
Imperial
—
| APM avg | 9.5 |
| APM peak | 25 |
| eAPM avg | 5.7 |
| Villagers / military | 96 / 64 |
Focus
⚔️ 51.5% · 🌾 48.5%
Unknown (2626) ×38 · Samurai ×38 · Fishing Ship ×27 · Galley ×12 · Trebuchet (Packed) ×11 · Transport Ship ×3
Feudal
—
Castle
—
Imperial
—
| APM avg | 1.0 |
| APM peak | 32 |
| eAPM avg | 0.3 |
| Villagers / military | 5 / 0 |
Focus
⚔️ 0.0% · 🌾 100.0%
Feudal
11:52
Castle
42:20
Imperial
—
| APM avg | 10.0 |
| APM peak | 41 |
| eAPM avg | 5.6 |
| Villagers / military | 45 / 31 |
Focus
⚔️ 25.5% · 🌾 74.5%
Fire Galley ×25 · Fishing Ship ×6 · Transport Ship ×3 · Demolition Raft ×3
Feudal
11:05
Castle
19:08
Imperial
31:25
| APM avg | 10.3 |
| APM peak | 42 |
| eAPM avg | 6.9 |
| Villagers / military | 68 / 29 |
Focus
⚔️ 24.3% · 🌾 75.7%
Cannon Galleon ×16 · Fishing Ship ×11 · Trade Cog ×4 · War Elephant ×4 · Fire Galley ×3 · Transport Ship ×2
Feudal
15:11
Castle
22:48
Imperial
44:16
| APM avg | 16.6 |
| APM peak | 41 |
| eAPM avg | 9.0 |
| Villagers / military | 53 / 79 |
Focus
⚔️ 36.8% · 🌾 63.2%
Kona ×41 · Fishing Ship ×30 · Trade Cog ×20 · Demolition Raft ×17 · Fire Galley ×8 · Galley ×8
Feudal
—
Castle
—
Imperial
—
| APM avg | 12.0 |
| APM peak | 41 |
| eAPM avg | 10.0 |
| Villagers / military | 126 / 60 |
Focus
⚔️ 25.7% · 🌾 74.3%
Fishing Ship ×30 · Fire Galley ×20 · Demolition Raft ×19 · Cataphract ×18 · Unknown (1795) ×11 · Trade Cog ×5
Feudal
11:20
Castle
24:15
Imperial
38:07
| APM avg | 13.9 |
| APM peak | 37 |
| eAPM avg | 10.7 |
| Villagers / military | 83 / 124 |
Focus
⚔️ 25.7% · 🌾 74.3%
Longboat ×84 · Fishing Ship ×40 · Berserk ×25 · Trebuchet (Packed) ×8 · Scout Cavalry ×5 · Transport Ship ×1
Feudal
—
Castle
—
Imperial
—
| APM avg | 16.0 |
| APM peak | 43 |
| eAPM avg | 11.2 |
| Villagers / military | 98 / 88 |
Focus
⚔️ 31.1% · 🌾 68.9%
Scorpion ×61 · Battle Elephant ×19 · Unknown (2626) ×8 · Fishing Ship ×6 · Trebuchet (Packed) ×5 · Battering Ram ×2
Match map
Resources at game start + every placement click. Thick line = wall · dashed box = detected house wall. 🟡 gold · ⚪ stone · 🟢 berries · 🔶 boar · ⭕ relic
Inputs per minute
— SkilzDatKilz845 - - alex02052013
Build order — SkilzDatKilz845
First 150 of 155 actions detected
| 0:04 | Create | Villager (Male) |
| 0:07 | Build | House |
| 0:10 | Build | House |
| 0:13 | Build | House |
| 0:16 | Create | Villager (Male) |
| 0:17 | Create | Villager (Male) |
| 0:18 | Create | Villager (Male) |
| 0:18 | Create | Villager (Male) |
| 1:38 | Create | Villager (Male) |
| 2:44 | Create | Villager (Male) |
| 2:45 | Create | Villager (Male) |
| 3:04 | Create | Villager (Male) |
| 3:26 | Create | Villager (Male) |
| 4:12 | Create | Villager (Male) |
| 4:43 | Build | Dock |
| 5:13 | Create | Villager (Male) |
| 5:13 | Create | Villager (Male) |
| 5:14 | Create | Villager (Male) |
| 5:29 | Build | House |
| 5:36 | Build | House |
| 5:39 | Build | House |
| 5:43 | Create | Villager (Male) |
| 5:43 | Create | Villager (Male) |
| 6:30 | Create | Villager (Male) |
| 6:30 | Create | Villager (Male) |
| 6:54 | Build | Lumber Camp |
| 6:59 | Create | Villager (Male) |
| 7:03 | Create | Villager (Male) |
| 7:17 | Create | Villager (Male) |
| 7:28 | Create | Transport Ship |
| 8:14 | Create | Villager (Male) |
| 8:14 | Create | Villager (Male) |
| 8:15 | Create | Villager (Male) |
| 8:23 | Create | Fishing Ship |
| 8:24 | Create | Fishing Ship |
| 8:36 | Create | Villager (Male) |
| 9:12 | Build | Lumber Camp |
| 9:23 | Create | Villager (Male) |
| 9:24 | Create | Villager (Male) |
| 9:39 | Create | Fishing Ship |
| 9:39 | Create | Fishing Ship |
| 10:24 | Create | Villager (Male) |
| 10:25 | Create | Villager (Male) |
| 10:25 | Create | Villager (Male) |
| 10:36 | Build | Mining Camp |
| 10:54 | Create | Villager (Male) |
| 10:54 | Create | Villager (Male) |
| 11:33 | Build | Mill |
| 12:08 | Build | House |
| 12:10 | Build | House |
| 12:12 | Build | House |
| 12:15 | Build | House |
| 12:17 | Build | House |
| 12:21 | Build | House |
| 12:23 | Build | House |
| 12:34 | Build | Dock |
| 13:06 | Build | Mill |
| 13:22 | Research | Feudal Age |
| 13:32 | Create | Fishing Ship |
| 13:32 | Create | Fishing Ship |
| 13:34 | Create | Fishing Ship |
| 14:34 | Create | Villager (Male) |
| 14:35 | Create | Villager (Male) |
| 14:37 | Create | Villager (Male) |
| 15:56 | Create | Unit 2626 |
| 15:58 | Create | Unit 2626 |
| 15:58 | Create | Unit 2626 |
| 16:02 | Create | Galley ×5 |
| 16:10 | Research | Loom |
| 16:19 | Build | Mining Camp |
| 16:45 | Build | Dock |
| 17:48 | Create | Villager (Male) |
| 17:49 | Create | Villager (Male) |
| 18:13 | Build | House |
| 18:15 | Build | House |
| 18:16 | Build | House |
| 18:16 | Build | House |
| 18:17 | Build | House |
| 18:17 | Build | House |
| 18:30 | Create | Galley ×5 |
| 18:30 | Create | Galley ×2 |
| 19:19 | Create | Villager (Male) ×5 |
| 19:50 | Create | Unit 2626 ×5 |
| 20:27 | Create | Villager (Male) |
| 20:27 | Create | Villager (Male) |
| 21:00 | Build | Lumber Camp |
| 21:39 | Build | Market |
| 21:42 | Build | Blacksmith |
| 21:47 | Build | Mining Camp |
| 23:02 | Create | Fishing Ship ×5 |
| 23:02 | Create | Fishing Ship ×5 |
| 23:28 | Create | Villager (Male) ×5 |
| 23:41 | Research | Castle Age |
| 27:56 | Build | Mining Camp |
| 29:19 | Research | War Galley (upgrade) |
| 29:21 | Create | Unit 2626 ×5 |
| 29:21 | Create | Unit 2626 ×5 |
| 29:21 | Create | Unit 2626 ×5 |
| 29:22 | Create | Unit 2626 ×5 |
| 29:22 | Create | Unit 2626 ×5 |
| 29:26 | Create | Unit 2626 ×5 |
| 29:30 | Research | Tech 906 |
| 31:01 | Build | Lumber Camp |
| 31:18 | Build | Castle |
| 32:11 | Build | Dock |
| 32:17 | Create | Villager (Male) ×5 |
| 32:18 | Create | Villager (Male) ×5 |
| 32:18 | Create | Villager (Male) ×5 |
| 32:56 | Research | Yasama |
| 33:00 | Create | Samurai ×5 |
| 33:00 | Create | Samurai ×5 |
| 33:00 | Create | Samurai ×5 |
| 33:20 | Research | Imperial Age |
| 33:48 | Create | Villager (Male) ×5 |
| 33:48 | Create | Villager (Male) ×5 |
| 33:48 | Create | Villager (Male) ×4 |
| 34:00 | Create | Samurai ×5 |
| 34:01 | Create | Samurai |
| 34:01 | Create | Samurai |
| 34:22 | Create | Samurai ×3 |
| 34:32 | Create | Transport Ship |
| 34:39 | Research | Gillnets |
| 35:20 | Research | Forging |
| 35:20 | Research | Scale Mail Armor |
| 35:22 | Research | Fletching |
| 35:37 | Build | University |
| 35:41 | Build | Monastery |
| 37:38 | Create | Villager (Male) ×3 |
| 37:44 | Research | Kataparuto |
| 37:46 | Research | Hoardings |
| 37:47 | Research | Conscription |
| 37:47 | Research | Conscription |
| 37:49 | Create | Trebuchet (Packed) ×7 |
| 37:49 | Create | Trebuchet (Packed) |
| 37:59 | Research | Iron Casting |
| 38:31 | Build | Castle |
| 40:27 | Build | Mining Camp |
| 41:16 | Create | Transport Ship |
| 41:38 | Research | Elite Samurai (upgrade) |
| 41:40 | Create | Trebuchet (Packed) ×3 |
| 41:53 | Build | Town Center |
| 42:05 | Build | Town Center |
| 42:13 | Research | Wheelbarrow |
| 42:27 | Create | Samurai ×5 |
| 42:27 | Create | Samurai ×5 |
| 42:27 | Create | Samurai ×2 |
| 42:40 | Research | Chain Mail Armor |
| 42:52 | Create | Fishing Ship ×5 |
| 42:52 | Create | Fishing Ship ×5 |
| 43:04 | Build | Dock |
Build order — alex02052013
4 actions detected in the replay
| 0:03 | Build | House |
| 0:05 | Build | House |
| 0:07 | Create | Villager (Male) ×4 |
| 1:31 | Create | Villager (Male) |
Build order — KARNAK
139 actions detected in the replay
| 0:05 | Create | Villager (Male) |
| 0:05 | Create | Villager (Male) |
| 0:06 | Create | Villager (Male) |
| 0:06 | Create | Villager (Male) |
| 0:10 | Build | House |
| 0:11 | Build | House |
| 1:26 | Build | House |
| 2:13 | Build | Lumber Camp |
| 2:17 | Create | Villager (Male) |
| 2:17 | Create | Villager (Male) |
| 3:05 | Create | Villager (Male) |
| 4:02 | Create | Villager (Male) |
| 4:03 | Create | Villager (Male) |
| 5:25 | Create | Villager (Male) |
| 5:26 | Create | Villager (Male) |
| 5:26 | Create | Villager (Male) |
| 5:29 | Create | Villager (Male) |
| 6:27 | Build | Mill |
| 6:37 | Create | Villager (Male) |
| 7:25 | Create | Villager (Male) |
| 7:28 | Create | Villager (Male) |
| 7:40 | Build | Dock |
| 7:56 | Create | Villager (Male) |
| 8:31 | Build | House |
| 8:34 | Build | House |
| 8:52 | Build | Dock |
| 9:26 | Build | Mining Camp |
| 9:56 | Build | House |
| 9:58 | Build | House |
| 10:34 | Research | Feudal Age |
| 11:07 | Build | House |
| 11:09 | Build | House |
| 11:44 | Create | Villager (Male) |
| 11:47 | Create | Villager (Male) |
| 11:49 | Create | Villager (Male) |
| 11:52 | Age | Feudal Age |
| 12:23 | Build | House |
| 12:27 | Create | Fire Galley |
| 12:27 | Create | Fire Galley |
| 12:28 | Create | Fire Galley |
| 12:41 | Create | Villager (Male) |
| 12:42 | Create | Villager (Male) |
| 12:53 | Create | Villager (Male) |
| 13:06 | Create | Villager (Male) |
| 13:20 | Build | Dock |
| 13:49 | Create | Fire Galley |
| 14:08 | Create | Villager (Male) |
| 14:08 | Create | Villager (Male) |
| 14:27 | Build | Lumber Camp |
| 14:51 | Create | Villager (Male) |
| 15:20 | Build | Blacksmith |
| 15:37 | Build | Market |
| 16:33 | Build | Mining Camp |
| 17:00 | Create | Fishing Ship |
| 17:00 | Create | Fishing Ship |
| 17:00 | Create | Fishing Ship |
| 17:01 | Create | Fishing Ship |
| 17:01 | Create | Fishing Ship |
| 17:01 | Create | Fishing Ship |
| 18:51 | Build | Fish Trap |
| 18:55 | Build | Fish Trap |
| 19:23 | Create | Fire Galley |
| 19:32 | Create | Fire Galley |
| 19:32 | Create | Fire Galley |
| 20:39 | Create | Transport Ship |
| 20:42 | Create | Fire Galley |
| 20:43 | Create | Fire Galley |
| 22:38 | Create | Villager (Male) |
| 22:38 | Create | Villager (Male) |
| 23:06 | Build | Dock |
| 23:17 | Build | Fish Trap |
| 23:21 | Build | Fish Trap |
| 23:24 | Build | Fish Trap |
| 23:28 | Build | Fish Trap |
| 23:31 | Create | Demolition Raft |
| 23:31 | Create | Demolition Raft |
| 23:32 | Create | Demolition Raft |
| 23:35 | Create | Villager (Male) |
| 25:20 | Build | Barracks |
| 26:30 | Create | Fire Galley |
| 26:30 | Create | Fire Galley |
| 26:31 | Create | Fire Galley |
| 26:31 | Create | Fire Galley |
| 27:40 | Build | Archery Range |
| 27:52 | Build | Mining Camp |
| 28:14 | Build | Mining Camp |
| 28:20 | Create | Villager (Male) |
| 28:20 | Create | Villager (Male) |
| 28:20 | Create | Villager (Male) |
| 28:21 | Create | Villager (Male) |
| 28:21 | Create | Villager (Male) |
| 28:22 | Create | Villager (Male) |
| 28:22 | Create | Villager (Male) |
| 28:37 | Build | Archery Range |
| 28:57 | Research | Wheelbarrow |
| 29:40 | Create | Villager (Male) |
| 29:45 | Create | Villager (Male) |
| 29:46 | Create | Villager (Male) |
| 30:14 | Create | Fire Galley |
| 30:15 | Create | Fire Galley |
| 30:15 | Create | Fire Galley |
| 30:20 | Create | Fire Galley |
| 30:21 | Create | Fire Galley |
| 30:21 | Create | Fire Galley |
| 30:21 | Create | Fire Galley |
| 30:45 | Create | Fire Galley |
| 30:45 | Create | Fire Galley |
| 30:46 | Create | Fire Galley |
| 31:11 | Create | Fire Galley |
| 31:14 | Create | Fire Galley |
| 32:23 | Create | Transport Ship |
| 32:33 | Create | Transport Ship |
| 33:01 | Research | Stone Mining |
| 33:04 | Research | Gold Mining |
| 33:57 | Build | House |
| 33:58 | Build | House |
| 33:59 | Build | House |
| 34:01 | Build | House |
| 35:25 | Build | Lumber Camp |
| 36:01 | Build | Mill |
| 36:29 | Build | House |
| 36:31 | Build | House |
| 36:32 | Build | House |
| 37:28 | Build | House |
| 37:38 | Build | House |
| 38:15 | Build | Town Center |
| 40:44 | Research | Castle Age |
| 40:53 | Build | Lumber Camp |
| 40:59 | Create | Villager (Male) |
| 40:59 | Create | Villager (Male) |
| 40:59 | Create | Villager (Male) |
| 41:00 | Create | Villager (Male) |
| 41:44 | Build | House |
| 41:46 | Build | House |
| 41:48 | Build | House |
| 42:12 | Create | Villager (Male) |
| 42:20 | Age | Castle Age |
| 43:16 | Build | Dock |
| 45:49 | Build | Dock |
Build order — yabin.belrojo
First 150 of 190 actions detected
| 0:03 | Create | Villager (Male) |
| 0:04 | Create | Villager (Male) |
| 0:04 | Create | Villager (Male) |
| 0:04 | Create | Villager (Male) |
| 0:04 | Create | Villager (Male) |
| 0:26 | Build | House |
| 1:44 | Build | Dock |
| 2:24 | Create | Villager (Male) |
| 2:28 | Create | Fishing Ship |
| 2:33 | Build | House |
| 2:35 | Build | House |
| 2:59 | Create | Villager (Male) |
| 3:34 | Create | Villager (Male) |
| 3:34 | Create | Villager (Male) |
| 3:54 | Create | Fishing Ship |
| 4:05 | Create | Villager (Male) |
| 4:24 | Build | House |
| 4:26 | Create | Villager (Male) |
| 4:38 | Create | Villager (Male) |
| 4:47 | Build | House |
| 4:55 | Create | Villager (Male) |
| 5:21 | Create | Villager (Male) |
| 5:43 | Create | Villager (Male) |
| 5:53 | Build | Lumber Camp |
| 5:58 | Create | Villager (Male) |
| 6:20 | Create | Villager (Male) |
| 6:30 | Create | Fishing Ship |
| 6:58 | Create | Villager (Male) |
| 7:04 | Create | Fishing Ship |
| 7:23 | Create | Fishing Ship |
| 7:47 | Build | Mill |
| 8:26 | Create | Villager (Male) |
| 9:01 | Research | Feudal Age |
| 9:55 | Create | Villager (Male) |
| 9:55 | Create | Villager (Male) |
| 10:15 | Build | Dock |
| 10:20 | Build | Barracks |
| 10:26 | Create | Fishing Ship |
| 10:30 | Create | Fishing Ship |
| 10:44 | Build | House |
| 10:45 | Build | House |
| 10:47 | Build | House |
| 10:48 | Build | House |
| 10:49 | Build | House |
| 10:53 | Build | House |
| 10:57 | Build | House |
| 11:05 | Age | Feudal Age |
| 12:07 | Create | Transport Ship |
| 12:18 | Build | Lumber Camp |
| 12:23 | Research | Wheelbarrow |
| 12:28 | Research | Double-Bit Axe |
| 12:49 | Create | Villager (Male) |
| 12:50 | Create | Villager (Male) |
| 12:50 | Create | Villager (Male) |
| 13:02 | Create | Fishing Ship |
| 13:55 | Create | Fishing Ship |
| 14:28 | Create | Fishing Ship |
| 14:48 | Build | Barracks |
| 15:02 | Create | Villager (Male) |
| 15:03 | Create | Villager (Male) |
| 15:24 | Build | Archery Range |
| 15:27 | Build | Stable |
| 15:53 | Create | Fishing Ship |
| 16:38 | Build | Lumber Camp |
| 16:43 | Research | Castle Age |
| 16:49 | Research | Horse Collar |
| 17:58 | Create | Trade Cog |
| 17:58 | Create | Trade Cog |
| 17:58 | Create | Trade Cog |
| 17:58 | Create | Trade Cog |
| 18:31 | Build | House |
| 18:34 | Build | House |
| 19:08 | Age | Castle Age |
| 19:13 | Build | Town Center |
| 19:20 | Research | Bow Saw |
| 19:28 | Create | Villager (Male) |
| 19:35 | Build | Mining Camp |
| 19:59 | Build | Farm |
| 20:02 | Build | Farm |
| 20:06 | Build | Farm |
| 20:11 | Research | Hand Cart |
| 20:16 | Research | Gold Mining |
| 20:29 | Build | House |
| 20:32 | Build | House |
| 21:35 | Build | University |
| 21:38 | Create | Villager (Male) |
| 21:38 | Create | Villager (Male) |
| 21:38 | Create | Villager (Male) |
| 21:46 | Build | House |
| 21:49 | Build | House |
| 22:06 | Create | Villager (Male) |
| 22:06 | Create | Villager (Male) |
| 22:06 | Create | Villager (Male) |
| 22:07 | Create | Villager (Male) |
| 22:26 | Build | Farm |
| 22:31 | Research | Heavy Plow |
| 22:35 | Create | Villager (Male) |
| 22:36 | Create | Villager (Male) |
| 22:49 | Build | Farm |
| 22:52 | Build | Farm |
| 22:56 | Build | Farm |
| 23:11 | Build | Farm |
| 23:16 | Create | Villager (Male) |
| 23:16 | Create | Villager (Male) |
| 23:19 | Create | Villager (Male) |
| 23:19 | Create | Villager (Male) |
| 23:22 | Create | Villager (Male) |
| 23:23 | Create | Villager (Male) |
| 23:23 | Create | Villager (Male) |
| 23:23 | Create | Villager (Male) |
| 28:06 | Build | Monastery |
| 28:30 | Research | Tech 906 |
| 28:39 | Research | Imperial Age |
| 28:51 | Create | Transport Ship |
| 30:28 | Research | Gold Shaft Mining |
| 30:35 | Build | Mining Camp |
| 31:11 | Create | Fire Galley |
| 31:12 | Create | Fire Galley |
| 31:12 | Create | Fire Galley |
| 31:25 | Age | Imperial Age |
| 31:47 | Build | Town Center |
| 31:59 | Research | Heated Shot |
| 32:00 | Research | Chemistry |
| 32:15 | Research | Two-Man Saw |
| 32:30 | Create | Villager (Male) |
| 32:30 | Create | Villager (Male) |
| 33:12 | Build | Farm |
| 33:17 | Build | Farm |
| 34:14 | Research | Elite Cannon Galleon (upgrade) |
| 34:21 | Create | Cannon Galleon |
| 34:21 | Create | Cannon Galleon |
| 34:21 | Create | Cannon Galleon |
| 34:22 | Create | Cannon Galleon |
| 34:22 | Create | Cannon Galleon |
| 34:22 | Create | Cannon Galleon |
| 34:38 | Create | Villager (Male) |
| 34:39 | Create | Villager (Male) |
| 34:39 | Create | Villager (Male) |
| 35:18 | Build | House |
| 35:20 | Build | House |
| 35:21 | Build | House |
| 35:23 | Build | House |
| 35:24 | Build | House |
| 35:25 | Build | House |
| 35:37 | Create | Cannon Galleon |
| 35:38 | Create | Cannon Galleon |
| 35:38 | Create | Cannon Galleon |
| 35:39 | Create | Cannon Galleon |
| 35:39 | Create | Cannon Galleon |
| 35:54 | Build | Mining Camp |
Build order — pablo andres
First 150 of 279 actions detected
| 0:08 | Build | House |
| 0:16 | Create | Villager (Male) |
| 0:16 | Research | Loom |
| 0:17 | Create | Villager (Male) |
| 0:17 | Create | Villager (Male) |
| 0:17 | Create | Villager (Male) |
| 0:18 | Create | Villager (Male) |
| 0:27 | Build | House |
| 0:39 | Build | House |
| 0:41 | Build | House |
| 0:44 | Build | House |
| 1:48 | Create | Villager (Male) |
| 1:59 | Build | House |
| 2:01 | Build | House |
| 2:03 | Build | House |
| 2:40 | Create | Villager (Male) |
| 3:15 | Create | Villager (Male) |
| 3:30 | Create | Villager (Male) |
| 3:55 | Create | Villager (Male) |
| 4:14 | Create | Villager (Male) |
| 4:14 | Create | Villager (Male) |
| 4:42 | Create | Villager (Male) |
| 4:43 | Create | Villager (Male) |
| 5:20 | Create | Villager (Male) |
| 5:29 | Create | Villager (Male) |
| 5:55 | Create | Villager (Male) |
| 6:38 | Create | Villager (Male) |
| 6:38 | Create | Villager (Male) |
| 7:16 | Build | Dock |
| 7:27 | Create | Villager (Male) |
| 7:43 | Create | Villager (Male) |
| 7:59 | Build | Settlement |
| 8:10 | Create | Villager (Male) |
| 8:10 | Create | Villager (Male) |
| 8:16 | Create | Fishing Ship |
| 8:16 | Create | Fishing Ship |
| 8:16 | Create | Fishing Ship |
| 8:28 | Create | Villager (Male) |
| 9:09 | Create | Transport Ship |
| 9:13 | Create | Villager (Male) |
| 9:40 | Create | Villager (Male) |
| 9:40 | Create | Villager (Male) |
| 9:51 | Build | Settlement |
| 10:13 | Create | Villager (Male) |
| 10:38 | Create | Villager (Male) |
| 10:44 | Create | Fishing Ship |
| 10:45 | Create | Fishing Ship |
| 11:24 | Create | Villager (Male) |
| 11:25 | Create | Villager (Male) |
| 11:54 | Build | Settlement |
| 12:16 | Create | Villager (Male) |
| 12:27 | Create | Fishing Ship |
| 12:36 | Build | Dock |
| 13:01 | Research | Feudal Age |
| 13:14 | Create | Fishing Ship |
| 13:32 | Create | Fishing Ship |
| 14:06 | Create | Fishing Ship |
| 14:10 | Create | Fishing Ship |
| 14:11 | Create | Fishing Ship |
| 14:11 | Create | Fishing Ship |
| 14:18 | Create | Villager (Male) |
| 14:18 | Create | Villager (Male) |
| 14:19 | Create | Villager (Male) |
| 14:44 | Build | Settlement |
| 14:57 | Create | Fishing Ship |
| 15:05 | Create | Fishing Ship |
| 15:11 | Age | Feudal Age |
| 15:37 | Create | Villager (Male) |
| 16:10 | Create | Villager (Male) |
| 16:24 | Build | Settlement |
| 16:44 | Create | Villager (Male) |
| 16:44 | Create | Villager (Male) |
| 17:12 | Research | Double-Bit Axe |
| 17:21 | Build | Fish Trap |
| 17:30 | Build | Fish Trap |
| 18:06 | Create | Fishing Ship |
| 18:06 | Create | Fishing Ship |
| 18:10 | Create | Fishing Ship |
| 18:10 | Create | Fishing Ship |
| 18:18 | Create | Villager (Male) |
| 18:18 | Create | Villager (Male) |
| 18:18 | Create | Villager (Male) |
| 18:19 | Create | Villager (Male) |
| 18:35 | Build | Market |
| 18:40 | Build | Blacksmith |
| 18:50 | Build | Dock |
| 19:32 | Build | Fish Trap |
| 20:08 | Research | Castle Age |
| 20:16 | Build | House |
| 20:19 | Build | House |
| 20:20 | Build | House |
| 20:21 | Build | House |
| 20:22 | Build | House |
| 20:24 | Build | House |
| 21:10 | Build | Fish Trap |
| 21:15 | Build | Fish Trap |
| 21:21 | Build | Fish Trap |
| 21:31 | Research | Forging |
| 21:56 | Build | Dock |
| 22:21 | Research | Tech 906 |
| 22:41 | Build | Settlement |
| 22:48 | Age | Castle Age |
| 22:54 | Build | Dock |
| 23:05 | Build | Town Center |
| 23:10 | Build | Castle |
| 23:18 | Build | Castle |
| 23:27 | Create | Villager (Male) |
| 23:27 | Create | Villager (Male) |
| 23:27 | Create | Villager (Male) |
| 23:40 | Create | Fishing Ship |
| 23:40 | Create | Fishing Ship |
| 23:41 | Create | Fishing Ship |
| 23:41 | Create | Fishing Ship |
| 23:42 | Create | Fishing Ship |
| 23:42 | Create | Fishing Ship |
| 23:52 | Build | Fish Trap |
| 23:56 | Build | Fish Trap |
| 24:15 | Create | Fire Galley |
| 24:16 | Create | Fire Galley |
| 24:23 | Create | Fire Galley |
| 24:23 | Create | Fire Galley |
| 24:40 | Build | Fish Trap |
| 24:50 | Create | Fire Galley |
| 24:50 | Create | Fire Galley |
| 25:09 | Create | Kona |
| 25:09 | Create | Kona |
| 25:10 | Create | Kona |
| 25:10 | Create | Kona |
| 25:24 | Build | Dock |
| 25:38 | Build | Fish Trap |
| 25:54 | Build | Fish Trap |
| 26:05 | Research | Tech 905 |
| 26:11 | Create | Fire Galley |
| 26:11 | Create | Fire Galley |
| 26:31 | Create | Demolition Raft |
| 26:31 | Create | Demolition Raft |
| 26:31 | Create | Demolition Raft |
| 26:32 | Create | Demolition Raft |
| 26:39 | Create | Kona |
| 26:40 | Create | Kona |
| 26:40 | Create | Kona |
| 26:40 | Create | Kona |
| 26:58 | Create | Demolition Raft |
| 27:03 | Research | War Galley (upgrade) |
| 27:21 | Create | Unit 2626 |
| 27:21 | Create | Unit 2626 |
| 27:21 | Create | Unit 2626 |
| 27:22 | Create | Unit 2626 |
| 27:23 | Create | Unit 2626 |
| 27:23 | Create | Unit 2626 |
Build order — Jaereg
First 150 of 293 actions detected
| 0:15 | Build | House |
| 0:17 | Create | Villager (Male) ×4 |
| 1:56 | Create | Villager (Male) |
| 2:01 | Build | House |
| 2:06 | Build | House |
| 2:07 | Build | House |
| 2:18 | Create | Villager (Male) |
| 2:48 | Build | House |
| 2:52 | Create | Villager (Male) |
| 3:12 | Create | Villager (Male) |
| 3:22 | Create | Villager (Male) |
| 4:16 | Create | Villager (Male) |
| 4:17 | Create | Villager (Male) |
| 4:48 | Create | Villager (Male) |
| 5:06 | Create | Villager (Male) |
| 5:06 | Create | Villager (Male) |
| 5:06 | Create | Villager (Male) |
| 5:37 | Create | Villager (Male) |
| 5:37 | Create | Villager (Male) |
| 5:38 | Create | Villager (Male) |
| 5:38 | Create | Villager (Male) |
| 5:38 | Create | Villager (Male) |
| 6:02 | Create | Villager (Male) |
| 6:48 | Build | Dock |
| 6:53 | Build | Lumber Camp |
| 6:58 | Create | Villager (Male) |
| 6:58 | Create | Villager (Male) |
| 6:58 | Create | Villager (Male) |
| 7:24 | Create | Fishing Ship |
| 7:32 | Create | Villager (Male) |
| 7:33 | Create | Villager (Male) |
| 7:33 | Create | Villager (Male) |
| 8:22 | Create | Fishing Ship |
| 8:28 | Create | Fishing Ship |
| 8:44 | Build | Mill |
| 8:55 | Create | Villager (Male) |
| 8:56 | Create | Villager (Male) |
| 9:00 | Create | Fishing Ship |
| 9:06 | Create | Fishing Ship |
| 9:18 | Build | House |
| 9:40 | Create | Villager (Male) |
| 9:42 | Create | Fishing Ship |
| 9:50 | Build | House |
| 9:53 | Build | House |
| 9:57 | Create | Villager (Male) |
| 11:02 | Build | Dock |
| 11:18 | Build | Lumber Camp |
| 11:33 | Research | Feudal Age |
| 11:41 | Create | Fishing Ship |
| 12:17 | Create | Villager (Male) |
| 12:20 | Create | Fishing Ship |
| 12:30 | Create | Fishing Ship |
| 13:24 | Create | Fishing Ship |
| 13:24 | Create | Fishing Ship |
| 13:44 | Research | Double-Bit Axe |
| 13:45 | Research | Wheelbarrow |
| 13:53 | Create | Demolition Raft |
| 14:12 | Create | Fire Galley |
| 14:13 | Create | Fire Galley |
| 14:23 | Create | Villager (Male) |
| 14:23 | Create | Villager (Male) |
| 14:35 | Build | House |
| 14:38 | Build | House |
| 15:04 | Build | Lumber Camp |
| 15:31 | Create | Fishing Ship |
| 15:32 | Create | Fishing Ship |
| 15:57 | Create | Fishing Ship |
| 15:57 | Create | Fishing Ship |
| 15:59 | Create | Fishing Ship |
| 15:59 | Create | Fishing Ship |
| 16:33 | Create | Villager (Male) |
| 16:33 | Create | Villager (Male) |
| 16:34 | Create | Villager (Male) |
| 16:34 | Create | Villager (Male) |
| 16:37 | Build | Mining Camp |
| 16:46 | Build | Market |
| 16:51 | Create | Villager (Male) |
| 16:51 | Create | Villager (Male) |
| 16:51 | Create | Villager (Male) |
| 17:00 | Create | Fishing Ship |
| 17:00 | Create | Fishing Ship |
| 17:10 | Research | Tech 906 |
| 17:46 | Research | Gold Mining |
| 17:56 | Build | House |
| 17:59 | Build | House |
| 18:16 | Create | Demolition Raft |
| 18:58 | Build | Farm |
| 18:58 | Build | Farm |
| 18:59 | Build | Farm |
| 18:59 | Build | Farm |
| 19:08 | Build | Blacksmith |
| 19:28 | Create | Demolition Raft |
| 19:29 | Create | Demolition Raft |
| 19:30 | Create | Fire Galley |
| 19:30 | Create | Fire Galley |
| 19:31 | Create | Fire Galley |
| 19:42 | Build | Dock |
| 19:44 | Build | Dock |
| 20:16 | Create | Villager (Male) |
| 20:16 | Create | Villager (Male) |
| 20:17 | Create | Villager (Male) |
| 20:24 | Research | Stone Mining |
| 20:35 | Create | Fire Galley |
| 20:35 | Create | Fire Galley |
| 20:48 | Create | Villager (Male) |
| 21:04 | Research | Castle Age |
| 21:17 | Build | Mining Camp |
| 21:33 | Create | Transport Ship |
| 21:39 | Build | House |
| 22:09 | Create | Demolition Raft |
| 22:09 | Create | Demolition Raft |
| 22:11 | Create | Demolition Raft |
| 22:26 | Create | Fire Galley |
| 22:26 | Create | Fire Galley |
| 22:53 | Create | Fire Galley |
| 22:54 | Create | Fire Galley |
| 23:00 | Create | Villager (Male) |
| 23:12 | Build | Mining Camp |
| 23:46 | Create | Transport Ship |
| 23:48 | Create | Transport Ship |
| 23:51 | Build | House |
| 23:53 | Build | House |
| 23:54 | Build | House |
| 24:15 | Research | Stone Shaft Mining |
| 24:19 | Research | Gold Shaft Mining |
| 24:22 | Research | Bow Saw |
| 24:34 | Research | Gillnets |
| 24:52 | Research | War Galley (upgrade) |
| 25:26 | Create | Villager (Male) |
| 25:26 | Create | Villager (Male) |
| 25:32 | Build | University |
| 25:49 | Create | Villager (Male) |
| 25:49 | Create | Villager (Male) |
| 25:56 | Research | Treadmill Crane |
| 26:08 | Create | Villager (Male) |
| 26:08 | Create | Villager (Male) |
| 26:08 | Create | Villager (Male) |
| 26:08 | Create | Villager (Male) |
| 26:12 | Create | Demolition Raft |
| 26:12 | Create | Demolition Raft |
| 26:13 | Create | Demolition Raft |
| 26:13 | Create | Demolition Raft |
| 26:26 | Create | Fishing Ship |
| 26:27 | Create | Fishing Ship |
| 26:27 | Create | Fishing Ship |
| 26:27 | Create | Fishing Ship |
| 26:27 | Create | Fishing Ship |
| 26:28 | Create | Fishing Ship |
| 26:28 | Create | Fishing Ship |
| 26:28 | Create | Fishing Ship |
Build order — ElSucioDhate
First 150 of 249 actions detected
| 0:13 | Create | Villager (Male) |
| 0:13 | Create | Villager (Male) |
| 0:13 | Create | Villager (Male) |
| 0:16 | Build | House |
| 0:18 | Build | House |
| 0:45 | Create | Villager (Male) |
| 1:51 | Create | Villager (Male) |
| 2:06 | Create | Villager (Male) |
| 2:44 | Create | Villager (Male) |
| 3:06 | Create | Villager (Male) |
| 3:22 | Create | Villager (Male) |
| 3:28 | Build | House |
| 4:02 | Create | Villager (Male) |
| 4:11 | Create | Villager (Male) |
| 4:54 | Create | Villager (Male) |
| 5:15 | Create | Villager (Male) |
| 5:25 | Build | Mining Camp |
| 5:45 | Create | Villager (Male) |
| 6:06 | Build | Lumber Camp |
| 6:11 | Create | Villager (Male) |
| 6:48 | Create | Villager (Male) |
| 7:00 | Create | Villager (Male) |
| 7:11 | Build | House |
| 7:30 | Create | Villager (Male) |
| 7:37 | Build | House |
| 7:38 | Build | House |
| 7:46 | Create | Villager (Male) |
| 8:50 | Build | Dock |
| 9:10 | Research | Feudal Age |
| 9:26 | Build | Lumber Camp |
| 10:29 | Build | Dock |
| 10:52 | Create | Fishing Ship ×3 |
| 11:20 | Age | Feudal Age |
| 12:18 | Create | Fishing Ship |
| 12:20 | Create | Fishing Ship |
| 12:53 | Create | Fishing Ship |
| 12:58 | Create | Fishing Ship |
| 13:02 | Create | Villager (Male) |
| 13:39 | Create | Villager (Male) |
| 13:53 | Create | Fishing Ship ×5 |
| 13:59 | Create | Fishing Ship ×5 |
| 14:13 | Build | House |
| 14:14 | Build | House |
| 14:15 | Build | House |
| 14:16 | Build | House |
| 14:40 | Research | Tech 906 |
| 14:49 | Create | Fishing Ship |
| 14:49 | Create | Fishing Ship |
| 15:04 | Build | Blacksmith |
| 15:21 | Build | Watch Tower |
| 15:28 | Create | Villager (Male) |
| 15:47 | Create | Fishing Ship |
| 15:58 | Research | Fletching |
| 16:05 | Create | Villager (Male) |
| 16:31 | Create | Fishing Ship |
| 16:31 | Create | Fishing Ship |
| 16:50 | Create | Villager (Male) |
| 17:17 | Build | Dock |
| 17:21 | Build | Dock |
| 17:34 | Build | Dock |
| 17:41 | Build | Dock |
| 17:45 | Build | Dock |
| 17:47 | Build | Dock |
| 17:54 | Create | Villager (Male) |
| 17:55 | Create | Villager (Male) |
| 17:59 | Research | Double-Bit Axe |
| 18:07 | Create | Fishing Ship ×4 |
| 18:47 | Build | Barracks |
| 19:25 | Create | Villager (Male) |
| 19:26 | Create | Villager (Male) |
| 19:47 | Build | Stable |
| 19:54 | Build | Stable |
| 20:15 | Create | Transport Ship |
| 20:21 | Create | Fishing Ship ×5 |
| 20:28 | Build | House |
| 20:29 | Build | House |
| 20:30 | Build | House |
| 20:32 | Build | House |
| 20:34 | Build | House |
| 20:35 | Build | House |
| 20:37 | Build | House |
| 20:49 | Create | Fishing Ship |
| 20:49 | Create | Fishing Ship |
| 21:08 | Build | House |
| 21:09 | Build | House |
| 21:11 | Build | House |
| 21:12 | Build | House |
| 21:13 | Build | House |
| 21:35 | Research | Castle Age |
| 21:38 | Create | Fishing Ship ×3 |
| 21:41 | Create | Fishing Ship |
| 22:12 | Create | Scout Cavalry ×5 |
| 22:36 | Create | Fishing Ship ×3 |
| 23:18 | Build | Watch Tower |
| 23:22 | Build | Lumber Camp |
| 23:26 | Build | Lumber Camp |
| 23:28 | Build | Lumber Camp |
| 23:42 | Research | Gold Mining |
| 23:57 | Research | Stone Mining |
| 24:13 | Create | Galley |
| 24:15 | Age | Castle Age |
| 24:28 | Research | Bow Saw |
| 24:34 | Create | Villager (Male) |
| 24:35 | Create | Villager (Male) |
| 25:20 | Research | Gillnets |
| 25:22 | Create | Longboat ×4 |
| 25:59 | Build | Lumber Camp |
| 26:09 | Create | Villager (Male) |
| 26:09 | Create | Villager (Male) |
| 26:09 | Create | Villager (Male) |
| 26:09 | Create | Villager (Male) |
| 26:14 | Research | Gold Shaft Mining |
| 26:25 | Create | Longboat |
| 27:20 | Create | Longboat ×2 |
| 27:43 | Create | Longboat |
| 27:43 | Create | Longboat |
| 27:59 | Create | Villager (Male) ×5 |
| 28:19 | Create | Longboat |
| 28:29 | Create | Villager (Male) ×5 |
| 28:48 | Build | Town Center |
| 29:02 | Create | Longboat |
| 29:05 | Create | Longboat |
| 29:05 | Create | Longboat |
| 29:45 | Create | Longboat |
| 29:45 | Create | Longboat |
| 29:53 | Build | Mill |
| 30:14 | Create | Longboat |
| 30:14 | Create | Longboat |
| 30:14 | Create | Longboat |
| 30:48 | Build | Castle |
| 30:57 | Build | University |
| 31:18 | Create | Villager (Male) ×5 |
| 31:18 | Create | Villager (Male) ×5 |
| 31:27 | Build | Mining Camp |
| 31:30 | Build | Watch Tower |
| 31:34 | Create | Villager (Male) ×5 |
| 31:38 | Create | Villager (Male) ×5 |
| 31:38 | Create | Villager (Male) ×5 |
| 31:44 | Build | Mining Camp |
| 31:45 | Research | Bodkin Arrow |
| 32:46 | Research | Tech 908 |
| 32:50 | Research | Careening |
| 32:58 | Research | Ballistics |
| 33:01 | Research | Heated Shot |
| 33:02 | Research | Guard Tower (upgrade) |
| 33:06 | Create | Villager (Male) ×5 |
| 33:09 | Research | Treadmill Crane |
| 33:20 | Create | Longboat |
| 33:21 | Create | Longboat |
| 33:32 | Build | Mining Camp |
Build order — lesserpanda1300
First 150 of 280 actions detected
| 0:04 | Create | Villager (Male) |
| 0:05 | Create | Villager (Male) |
| 0:05 | Create | Villager (Male) |
| 0:05 | Create | Villager (Male) |
| 0:13 | Build | House |
| 0:14 | Build | House |
| 0:15 | Build | House |
| 0:17 | Build | House |
| 0:18 | Build | House |
| 1:39 | Create | Villager (Male) |
| 2:11 | Build | House |
| 2:16 | Create | Villager (Male) |
| 2:32 | Create | Villager (Male) |
| 2:46 | Research | Loom |
| 3:12 | Create | Villager (Male) |
| 3:57 | Create | Villager (Male) |
| 4:14 | Create | Villager (Male) |
| 4:59 | Create | Villager (Male) |
| 5:05 | Build | Lumber Camp |
| 5:14 | Create | Villager (Male) |
| 5:15 | Create | Villager (Male) |
| 5:48 | Create | Villager (Male) |
| 5:48 | Create | Villager (Male) |
| 5:59 | Build | Dock |
| 6:26 | Create | Villager (Male) |
| 6:55 | Create | Fishing Ship |
| 6:56 | Create | Fishing Ship |
| 7:07 | Build | House |
| 7:08 | Build | House |
| 7:14 | Create | Villager (Male) |
| 7:14 | Create | Villager (Male) |
| 7:59 | Create | Villager (Male) |
| 8:04 | Create | Transport Ship |
| 8:35 | Build | Mill |
| 8:43 | Create | Villager (Male) |
| 8:44 | Create | Villager (Male) |
| 11:33 | Build | Mill |
| 11:40 | Research | Feudal Age |
| 11:50 | Create | Fishing Ship |
| 11:50 | Create | Fishing Ship |
| 11:51 | Create | Fishing Ship |
| 11:51 | Create | Fishing Ship |
| 12:01 | Build | Mining Camp |
| 12:13 | Build | Mining Camp |
| 13:31 | Build | Barracks |
| 13:39 | Create | Villager (Male) |
| 13:40 | Create | Villager (Male) |
| 13:40 | Create | Villager (Male) |
| 13:40 | Create | Villager (Male) |
| 13:52 | Research | Horse Collar |
| 13:57 | Research | Double-Bit Axe |
| 14:05 | Build | Farm |
| 14:06 | Build | Farm |
| 14:07 | Build | Farm |
| 14:09 | Build | Farm |
| 14:11 | Build | Farm |
| 14:14 | Build | Farm |
| 14:33 | Build | Stable |
| 15:00 | Build | Lumber Camp |
| 15:10 | Create | Villager (Male) |
| 15:10 | Create | Villager (Male) |
| 15:10 | Create | Villager (Male) |
| 15:47 | Build | House |
| 15:48 | Build | House |
| 15:49 | Build | House |
| 15:51 | Build | House |
| 15:52 | Build | House |
| 15:53 | Build | House |
| 16:04 | Create | Villager (Male) |
| 16:05 | Create | Villager (Male) |
| 16:05 | Create | Villager (Male) |
| 16:14 | Build | Farm |
| 16:15 | Build | Farm |
| 16:16 | Build | Farm |
| 17:41 | Build | Farm |
| 17:42 | Build | Farm |
| 17:47 | Build | Farm |
| 17:51 | Research | Castle Age |
| 18:05 | Research | Stone Mining |
| 18:09 | Research | Gold Mining |
| 18:24 | Build | Blacksmith |
| 18:56 | Create | Villager (Male) |
| 18:56 | Create | Villager (Male) |
| 18:57 | Create | Villager (Male) |
| 18:57 | Create | Villager (Male) |
| 18:57 | Create | Villager (Male) |
| 18:58 | Create | Villager (Male) |
| 20:46 | Research | Husbandry |
| 20:47 | Research | Bloodlines |
| 21:07 | Build | Town Center |
| 21:26 | Research | Bow Saw |
| 21:29 | Research | Heavy Plow |
| 21:33 | Research | Forging |
| 21:34 | Research | Scale Barding Armor |
| 21:37 | Research | Fletching |
| 21:51 | Build | University |
| 22:06 | Create | Battle Elephant |
| 22:07 | Create | Battle Elephant |
| 22:20 | Create | Villager (Male) |
| 22:24 | Create | Villager (Male) |
| 22:34 | Build | Farm |
| 22:35 | Build | Farm |
| 22:37 | Build | Farm |
| 22:39 | Build | Farm |
| 22:57 | Create | Villager (Male) |
| 22:57 | Create | Villager (Male) |
| 22:58 | Create | Villager (Male) |
| 22:58 | Create | Villager (Male) |
| 22:58 | Create | Villager (Male) |
| 23:13 | Build | Castle |
| 23:32 | Create | Battle Elephant |
| 23:32 | Create | Battle Elephant |
| 23:57 | Create | Villager (Male) |
| 23:57 | Create | Villager (Male) |
| 23:58 | Create | Villager (Male) |
| 23:58 | Create | Villager (Male) |
| 23:58 | Create | Villager (Male) |
| 23:58 | Create | Villager (Male) |
| 23:59 | Create | Villager (Male) |
| 24:15 | Create | Battle Elephant |
| 24:32 | Build | Mining Camp |
| 24:36 | Create | Villager (Male) |
| 24:36 | Create | Villager (Male) |
| 25:00 | Build | Siege Workshop |
| 25:04 | Create | Battle Elephant |
| 25:04 | Create | Battle Elephant |
| 25:05 | Create | Battle Elephant |
| 25:41 | Create | Battle Elephant |
| 25:42 | Create | Battle Elephant |
| 25:48 | Create | Battle Elephant |
| 25:48 | Create | Battle Elephant |
| 26:00 | Create | Scorpion |
| 26:00 | Create | Scorpion |
| 26:00 | Create | Scorpion |
| 26:00 | Create | Scorpion |
| 26:01 | Create | Scorpion |
| 26:07 | Create | Battering Ram |
| 26:19 | Build | Town Center |
| 26:30 | Research | Wheelbarrow |
| 27:46 | Create | Battering Ram |
| 28:18 | Research | Murder Holes |
| 28:22 | Research | Gold Shaft Mining |
| 28:29 | Build | Mining Camp |
| 28:34 | Create | Villager (Male) |
| 28:34 | Create | Villager (Male) |
| 28:35 | Create | Villager (Male) |
| 28:35 | Create | Villager (Male) |
| 28:47 | Build | Lumber Camp |
| 29:16 | Create | Scorpion |
| 29:16 | Create | Scorpion |
Match timeline
| 1:37 | alex02052013 · resign |
| 1:44 | yabin.belrojo · first_building Dock |
| 4:43 | SkilzDatKilz845 · first_building Dock |
| 5:59 | lesserpanda1300 · first_building Dock |
| 6:48 | Jaereg · first_building Dock |
| 7:16 | pablo andres · first_building Dock |
| 7:40 | KARNAK · first_building Dock |
| 8:50 | ElSucioDhate · first_building Dock |
| 10:20 | yabin.belrojo · first_building Barracks |
| 11:05 | yabin.belrojo · age_up feudal |
| 11:20 | ElSucioDhate · age_up feudal |
| 11:52 | KARNAK · age_up feudal |
| 13:31 | lesserpanda1300 · first_building Barracks |
| 14:33 | lesserpanda1300 · first_building Stable |
| 15:11 | pablo andres · age_up feudal |
| 15:24 | yabin.belrojo · first_building Archery Range |
| 15:27 | yabin.belrojo · first_building Stable |
| 18:47 | ElSucioDhate · first_building Barracks |
| 19:08 | yabin.belrojo · age_up castle |
| 19:47 | ElSucioDhate · first_building Stable |
| 21:03 | Jaereg · first_market_sell 100 wood |
| 22:48 | pablo andres · age_up castle |
| 23:10 | pablo andres · first_building Castle |
| 23:13 | lesserpanda1300 · first_building Castle |
| 24:15 | ElSucioDhate · age_up castle |
| 25:00 | lesserpanda1300 · first_building Siege Workshop |
| 25:20 | KARNAK · first_building Barracks |
| 27:40 | KARNAK · first_building Archery Range |
| 28:06 | yabin.belrojo · first_building Monastery |
| 30:48 | ElSucioDhate · first_building Castle |
| 31:18 | SkilzDatKilz845 · first_building Castle |
| 31:25 | yabin.belrojo · age_up imperial |
| 31:30 | Jaereg · first_building Castle |
| 32:15 | Jaereg · first_building Siege Workshop |
| 34:05 | Jaereg · wall_segment Stone Wall x17 |
| 34:11 | Jaereg · wall_segment Stone Wall x3 |
| 34:23 | Jaereg · first_building Barracks |
| 35:41 | SkilzDatKilz845 · first_building Monastery |
| 36:13 | Jaereg · wall_segment Stone Wall x20 |
| 36:14 | Jaereg · wall_segment Stone Wall x4 |
| 38:07 | ElSucioDhate · age_up imperial |
| 42:13 | ElSucioDhate · wall_segment Stone Wall x34 |
| 42:20 | KARNAK · age_up castle |
| 43:28 | ElSucioDhate · wall_segment Stone Wall x29 |
| 43:55 | ElSucioDhate · wall_segment Stone Wall x32 |
| 44:05 | ElSucioDhate · wall_segment Stone Wall x23 |
| 44:12 | yabin.belrojo · first_building Castle |
| 44:16 | pablo andres · age_up imperial |
| 49:43 | yabin.belrojo · first_building Siege Workshop |
[ AI ANALYSIS · 1 CREDIT ]
What really happened in this match?
Wolo.gg analyzes every decision: build order, eco, micro, common mistakes by bracket. Personalized analysis on WhatsApp or Discord in 30 seconds.
Civ guide
Japanese
Map guide
Migration
Perfil
SkilzDatKilz845